 Dungeon Crawl Stone Soup version 0.19.1 (webtiles) character file.

658 Gargoyl the Skirmisher (level 7, 0/61 HPs)
             Began as a Black Draconian Abyssal Knight on Dec 3, 2016.
             Was a Believer of Lugonu.
             Slain by a centaur (9 damage)
             ... on level 5 of the Dungeon.
             The game lasted 00:08:33 (4896 turns).

Gargoyl the Skirmisher (DrAK)                       Turns: 4896, Time: 00:08:34

Health: 0/61       AC:  7    Str: 17    XL:     7   Next: 30%
Magic:  8/8        EV: 13    Int: 12    God:    Lugonu [**....]
Gold:   206        SH:  0    Dex: 10    Spells: 0 memorised, 6 levels left

rFire  + . .     SeeInvis .     a - +2 hand axe
rCold  . . .     Gourm    .     (armour unavailable)
rNeg   . . .     Faith    .     (no shield)
rPois  .         Spirit   .     (helmet restricted)
rElec  +         Reflect  .     (no cloak)
rCorr  .         Harm     .     (no gloves)
MR     .....     Clarity  +     u - +0 pair of boots
Stlth  +.........               (no amulet)
                                (no ring)
                                v - ring of protection from fire

@: lethally poisoned (0 -> -1), short of breath
A: breathe lightning, unfitting armour, clarity, low mp 1, screaming 1,
electricity resistance, cold-blooded, subdued magic 1, MP-powered wands, AC +6
a: Breathe Lightning, Depart the Abyss, Bend Space, Renounce Religion


You were on level 5 of the Dungeon.
You worshipped Lugonu.
Lugonu was pleased with you.
You were near starving.

You visited 1 branch of the dungeon, and saw 5 of its levels.
You visited the Abyss 1 time.

You collected 206 gold pieces.

Inventory:

Hand Weapons
 a - a +2 hand axe (weapon)
 q - a +1 whip of electrocution
Missiles
 j - 3 javelins (quivered)
 p - 8 tomahawks
Armour
 u - a +0 pair of boots (worn)
Jewellery
 v - a ring of protection from fire (left hand)
Wands
 c - a wand of heal wounds (3/9)
Scrolls
 m - a scroll of blinking
Potions
 d - 2 potions of agility {unknown}
 e - 2 potions of lignification {unknown}
 h - 2 potions of flight
 n - a potion of ambrosia
 r - a potion of might {unknown}
 s - a potion of curing {unknown}
Books
 o - a book of Cantrips

   Spells                             Type                      Level
   a - Confusing Touch                Hexes                        1
   b - Animate Skeleton               Necromancy                   1
   c - Summon Small Mammal            Summoning                    1
   d - Apportation                    Translocation                1
Comestibles
 b - 4 bread rations
 f - a fruit
 g - a meat ration
 i - a beef jerky


   Skills:
 * Level 5.2 Fighting
 + Level 4.5 Axes
 + Level 0.2(2.7) Maces & Flails
 + Level 0.5 Throwing
 * Level 4.5 Dodging
 + Level 1.2 Stealth
 * Level 3.6 Invocations


You had 6 spell levels left.
You didn't know any spells.

Dungeon Overview and Level Annotations

Branches:
Dungeon (5/15)
 Temple: D:4-7

Altars:
Cheibriados
Qazlal


Innate Abilities, Weirdness & Mutations

You can breathe wild blasts of lightning.
Your glossy black scales are hard. (AC +6)
You cannot fit into any form of body armour.
You are resistant to electric shocks. (rElec)
You are cold-blooded and may be slowed by cold attacks.
You possess an exceptional clarity of mind.
Your magical capacity is low. (-10% MP)
You occasionally shout uncontrollably at your foes.
Your spells are a little easier to cast, but a little less powerful.
You expend magic power (3 MP) to strengthen your wands.


Message History

Unknown command.
You feel sick.
You slash the worker ant!
You kill the worker ant!
Lugonu accepts your kill.
A centaur comes into view.
You shout at the centaur!
The centaur shouts!
The leopard gecko misses you.
You miss the leopard gecko.
The leopard gecko closely misses you. x2
You hit the leopard gecko but do no damage.
You feel sick. The leopard gecko closely misses you.
You slash the leopard gecko!
You kill the leopard gecko!
Lugonu accepts your kill.
The centaur wields a shortbow.
The centaur shoots an arrow.
The arrow hits you!
* * * LOW HITPOINT WARNING * * *
The centaur unwields an uncursed shortbow.
The centaur closely misses you. The centaur hits you!
You die...

,* *,,,,,,,*
*****,,,**** #.# ,*
************,,,,,..* #.#
,* **********,,,***..>#
#.# ,*
*,,,,**,,,,***##.#.#***
#.# ,*
*,,,,,,,*****#?...,,,,*
##.. ,*
*,,,,,*,,,,,,....******
#... **
*,,,,,,,***##..#**
####..# * *,,,,****
#c.#* *#......
*****,,,,* #@#* #..####.
,,>,*,,,,* #(# *#.#* #.
***,*,,,,* ##.# #..# ##
*,,,****
####..########.#* #
***,,*
##....#...##....#######
**,*
*#.?........#.####......
*,*
#..................#####
*,* #............#######
### *,* #............#
#..


You could see a centaur.

Vanquished Creatures
  A steam dragon (D:5)
  The ghost of Sanvar the Changer, an amateur OpTm (D:4)
  A sky beast (D:5)
  A centaur zombie (D:5)
  2 bullfrog skeletons (D:4)
  Terence (D:3)
  3 worker ants
  A gnoll (D:2)
  A howler monkey zombie (D:5)
  5 adders
  An ooze (D:4)
  2 worms
  2 dart slugs (D:3)
  A leopard gecko (D:5)
  6 orcs
  A ball python (D:3)
  7 bats
  5 giant cockroaches
  5 goblins
  5 hobgoblins
  7 jackals
  6 kobolds
  A quokka (D:4)
  A frilled lizard (D:1)
  6 rats
73 creatures vanquished.

Notes
Turn   | Place    | Note
-------+----------+-------------------------------------------
     0 | Abyss:1  | Gargoyl the Draconian Abyssal Knight began the quest for the Orb.
     0 | Abyss:1  | Reached XP level 1. HP: 19/19 MP: 2/2
    30 | Abyss:2  | Noticed a large abomination
    85 | Abyss:3  | Noticed a small abomination
   116 | Abyss:3  | Noticed a chaos spawn
   117 | Abyss:3  | Noticed a raiju
   117 | D:1      | Escaped the Abyss
   372 | D:1      | Reached * piety under Lugonu
   372 | D:1      | Reached XP level 2. HP: 23/26 MP: 3/3
   500 | D:1      | Reached skill level 4 in Fighting
   786 | D:2      | Reached XP level 3. HP: 23/33 MP: 4/4
  1671 | D:2      | Reached XP level 4. HP: 40/40 MP: 5/5
  1674 | D:2      | Reached ** piety under Lugonu
  2132 | D:3      | Noticed Terence
  2163 | D:3      | Killed Terence
  2698 | D:3      | Found a snail-covered altar of Cheibriados.
  3225 | D:4      | Reached XP level 5. HP: 46/47 MP: 6/6
  3996 | D:4      | Noticed Sanvar's ghost (amateur OpTm)
  4011 | D:4      | Killed Sanvar's ghost
  4011 | D:4      | Reached XP level 6. HP: 42/53 MP: 8/8
  4129 | D:4      | Found a stormy altar of Qazlal.
  4359 | D:5      | Entered Level 5 of the Dungeon
  4554 | D:5      | Noticed a steam dragon
  4561 | D:5      | Gained mutation: You expend magic power (3 MP) to strengthen your wands. [potion of mutation]
  4561 | D:5      | Gained mutation: You possess an exceptional clarity of mind. [potion of mutation]
  4561 | D:5      | Gained mutation: Your spells are a little easier to cast, but a little less powerful. [potion of mutation]
  4562 | D:5      | Gained mutation: You occasionally shout uncontrollably at your foes. [potion of mutation]
  4562 | D:5      | Gained mutation: Your magical capacity is low. (-10% MP) [potion of mutation]
  4586 | D:5      | Killed a steam dragon
  4586 | D:5      | Reached skill level 5 in Fighting
  4586 | D:5      | Reached skill level 1 in Stealth
  4861 | D:5      | Noticed a sky beast
  4866 | D:5      | Your scales start taking on a glossy black colour.
  4866 | D:5      | Reached XP level 7. HP: 55/61 MP: 8/8
  4866 | D:5      | Gained mutation: You are resistant to electric shocks. (rElec) [Black Draconian growth]
  4896 | D:5      | Slain by a centaur

Skill      XL: |  1  2  3  4  5  6 |
---------------+-------------------+-----
Fighting       | 4 5 |  5.2
Dodging        | 3 4 |  4.5
Axes           | 3 4 |  4.5
Invocations    | 3 |  3.6
Stealth        | 1 |  1.2
Maces & Flails | |  0.2
Throwing       | |  0.5

Action                   |  1- 3 |  4- 6 |  7- 9 || total
-------------------------+-------+-------+-------++-------
Melee: Hand axe          |   108 |   182 |    21 ||   311
       Tailslap          |    11 |    14 |     5 ||    30
       Whip              |       |     6 |       ||     6
Throw: Tomahawk          |       |     2 |       ||     2
       Javelin           |       |     4 |       ||     4
Invok: Depart the Abyss  |     1 |       |       ||     1
 Abil: Breathe Lightning |       |       |     2 ||     2
  Use: Scroll            |     3 |     8 |       ||    11
       Potion            |       |     4 |       ||     4
 Stab: Sleeping          |     1 |       |       ||     1
  Eat: Chunk             |     2 |     7 |       ||     9
       Fruit             |       |     3 |       ||     3
Armor: Skin              |    44 |    56 |    11 ||   111
Dodge: Dodged            |   118 |   156 |    25 ||   299
